Map: Lightshade LE

Players

PattyMac

  • Race: Protoss Protoss
  • League: Grandmaster

DisK - Winner!

  • Race: Protoss Protoss

Event: DreamHack SC2 Masters 2021 Summer

VOD

Have the link to the VOD?

Description

Time

  • Played on: May 29, 2021, 4:37 p.m.
  • Length: 17:01

All games in this series

Show
View Real Time Build Order
Export as new Build Order

PattyMac Protoss 

Build Orders:  

Get SALT Encoding   

  12  0:00  Probe  
  13  0:12  Probe  
  14  0:16  Pylon  
  14  0:24  Probe (Chrono Boost)  
  16  0:36  Probe (Chrono Boost)  
  16  0:37  Gateway  
  16  0:41  Probe (Chrono Boost)  
  17  0:45  Assimilator  
  17  0:52  Probe (Chrono Boost)  
  17  0:54  Assimilator  
  18  1:04  Probe (Chrono Boost)  
  19  1:07  Gateway  
  19  1:13  Probe (Chrono Boost)  
  20  1:18  Probe  
  21  1:28  Cybernetics Core  
  21  1:30  Probe  
  22  1:35  Pylon  
  22  1:43  Probe  
  23  1:53  Gateway  
  23  1:55  Probe  
  24  2:02  Warp Gate (Chrono Boost)  
  24  2:06  Stalker  
  26  2:09  Stalker  
  26  2:13  Probe  
  29  2:18  Pylon  
  28  2:37  Stalker  
  28  2:39  Stalker  
  28  2:41  Stalker  
  32  3:08  Nexus  
  30  3:24  Probe  
  31  3:34  Twilight Council  
  31  3:37  Probe  
  32  3:43  Adept  
  32  3:44  Adept  
  32  3:47  Pylon  
  36  3:51  Adept  
  38  4:04  Probe (Chrono Boost)  
  38  4:06  Adept  
  38  4:08  Blink (Chrono Boost)  
  38  4:09  Adept  
  43  4:16  Probe (Chrono Boost)  
  44  4:19  Sentry  
  47  4:25  Probe (Chrono Boost)  
  47  4:27  Probe (Chrono Boost)  
  48  4:33  Probe (Chrono Boost)  
  49  4:40  Probe  
  49  4:42  Probe  
  49  4:43  Stalker  
  49  4:45  Shield Battery  
  47  4:57  Phoenix  
  47  4:59  Probe  
  46  5:00  Adept  
  46  5:03  Stalker  
  46  5:04  Probe  
  51  5:07  Forge  
  51  5:11  Probe, Stalker  
  54  5:16  Probe  
  54  5:19  Pylon  
  55  5:24  Probe  
  55  5:25  Stalker  
  58  5:31  Stalker  
  58  5:33  Probe  
  61  5:36  Probe  
  60  5:45  Probe  
  60  5:48  Probe  
  60  5:49  Adept x2  
  66  5:54  Protoss Ground Weapons Level 1 (Chrono Boost)  
  64  5:57  Probe, Assimilator  
  64  5:59  Stalker  
  64  6:01  Probe  
  68  6:11  Phoenix  
  68  6:14  Nexus  
  68  6:16  Probe, Pylon  
  68  6:17  Probe  
  70  6:25  Charge  
  70  6:34  Probe  
  70  6:36  Gateway  
  70  6:38  Gateway  
  71  6:41  Probe  
  71  6:42  Shield Battery  
  71  6:43  Sentry x2  
  71  6:46  Probe  
  77  6:53  Gateway x2  
  77  7:02  Probe  
  77  7:06  Gateway  
  77  7:07  Pylon  
  76  7:08  Probe  
  76  7:11  Stalker  
  76  7:12  Gateway  
  67  7:18  Probe, Pylon  
  67  7:20  Stalker  
  64  7:33  Stalker x3  
  64  7:35  Probe x3 (Chrono Boost)  
  67  7:47  Probe x2 (Chrono Boost)  
  67  7:48  Probe (Chrono Boost), Templar Archives  
  70  7:53  Zealot x2  
  70  7:54  Probe (Chrono Boost)  
  70  7:55  Probe (Chrono Boost)  
  70  7:56  Probe (Chrono Boost)  
  77  8:04  Protoss Ground Weapons Level 2 (Chrono Boost)  
  78  8:08  Robotics Facility  
  78  8:11  Zealot x2  
  83  8:15  Zealot  
  83  8:20  Zealot x2  
  87  8:30  Zealot x2  
  91  8:35  Zealot x2  
  93  8:45  Probe x3  
  93  8:47  Assimilator  
  96  8:50  Photon Cannon  
  96  8:51  Assimilator  
  96  8:52  Pylon  
  96  8:55  Observer (Chrono Boost), Assimilator  
  97  9:01  High Templar x2  
  101  9:05  Archon  
  101  9:06  Gateway  
  101  9:07  Photon Cannon  
  101  9:09  Photon Cannon  
  101  9:10  Pylon  
  101  9:13  Pylon  
  101  9:15  Probe  
  101  9:16  Probe  
  103  9:22  Probe  
  104  9:24  High Templar  
  104  9:25  High Templar  
  104  9:27  Pylon  
  104  9:29  Archon, Pylon  
  108  9:35  Zealot  
  108  9:36  Zealot x3  
  114  9:39  Probe x2 (Chrono Boost)  
  114  9:41  Probe (Chrono Boost)  
  114  9:45  Pylon  
  114  9:50  Probe x2 (Chrono Boost)  
  114  9:52  Probe (Chrono Boost), Warp Prism  
  117  9:56  High Templar x2  
  117  9:58  High Templar  
  117  9:59  High Templar  
  127  10:05  Archon  
  127  10:06  Archon  
  127  10:11  Zealot x3  
  118  10:32  Stalker x7  
  123  10:51  Observer (Chrono Boost)  
  123  10:52  Probe x3  
  123  10:56  Zealot x3  
  131  11:02  High Templar x2  
  125  11:04  Probe  
  125  11:08  Photon Cannon  
  125  11:09  Archon  
  125  11:10  Warp Prism  
  128  11:17  High Templar  
  130  11:19  High Templar  
  130  11:22  Zealot x2  
  130  11:24  Archon  
  136  11:33  Zealot x2  
  140  11:50  Robotics Facility  
  140  11:51  Robotics Bay  
  137  11:54  Photon Cannon  
  137  11:55  Zealot x2  
  121  12:14  Stalker x2  
  121  12:15  Probe  
  119  12:16  Probe x2  
  104  12:31  Zealot x6  
  104  12:39  Disruptor (Chrono Boost)  
  104  12:40  Disruptor (Chrono Boost)  
  96  12:45  Probe x2  
  96  12:46  Probe  
  96  12:48  Stalker x2  
  103  12:54  Dark Shrine  
  103  12:57  Probe  
  103  12:58  Stalker x4  
  110  13:01  Probe x2  
  112  13:06  Photon Cannon  
  112  13:08  Disruptor (Chrono Boost)  
  112  13:10  Photon Cannon  
  115  13:17  Stalker  
  115  13:18  Disruptor (Chrono Boost)  
  117  13:23  Observer  
  120  13:29  Stalker x2  
  124  13:41  Stalker  
  124  13:42  Stalker x2  
  130  13:49  Disruptor (Chrono Boost)  
  130  13:50  Disruptor (Chrono Boost)  
  135  14:02  Shadow Stride  
  135  14:07  Protoss Ground Weapons Level 3 (Chrono Boost)  
  135  14:11  Nexus  
  135  14:12  Pylon  
  135  14:30  Probe x2  
  137  14:31  Photon Cannon x2  
  137  14:34  Shield Battery  
  137  14:39  Pylon, Dark Templar x2  
  137  14:44  Observer (Chrono Boost)  
  142  14:47  Gravitic Boosters  
  142  14:51  Dark Templar x2  
  146  14:57  Probe  
  147  15:00  Disruptor (Chrono Boost)  
  147  15:02  Disruptor (Chrono Boost)  
  147  15:03  Probe  
  147  15:04  Probe  
  155  15:09  Dark Templar  
  157  15:18  Pylon  
  157  15:19  Pylon  
  157  15:20  Pylon  
  157  15:25  Probe x2  
  157  15:26  Assimilator  
  159  15:30  Dark Templar  
  159  15:32  Assimilator, Dark Templar  
  161  15:49  Stalker x5  
  171  15:55  Dark Templar  
  141  16:05  Dark Templar x2  
  99  16:13  Disruptor x2 (Chrono Boost)  
  98  16:20  Zealot x4  
  87  16:34  Probe x3  
  82  16:46  Probe x2  
  82  16:47  Probe  
  81  16:57  Dark Templar x3  
Show
View Real Time Build Order
Export as new Build Order

DisK Protoss - Winner!

Build Orders:  

Get SALT Encoding   

  12  0:00  Probe  
  13  0:12  Probe  
  14  0:17  Pylon  
  14  0:24  Probe  
  15  0:35  Gateway  
  15  0:36  Probe (Chrono Boost)  
  16  0:46  Probe (Chrono Boost), Assimilator  
  17  0:51  Probe (Chrono Boost)  
  17  0:54  Assimilator  
  18  1:03  Probe (Chrono Boost)  
  19  1:10  Gateway  
  20  1:12  Probe (Chrono Boost)  
  20  1:17  Probe (Chrono Boost)  
  20  1:23  Cybernetics Core  
  21  1:29  Probe  
  22  1:33  Pylon  
  22  1:41  Probe  
  23  1:53  Probe  
  24  2:01  Stalker x2, Warp Gate (Chrono Boost)  
  28  2:14  Pylon  
  28  2:31  Sentry  
  32  2:37  Sentry  
  32  2:46  Nexus  
  32  2:47  Shield Battery  
  31  3:02  Probe  
  31  3:03  Stalker  
  34  3:09  Robotics Facility  
  32  3:23  Probe  
  33  3:27  Pylon  
  33  3:31  Shield Battery  
  31  3:42  Sentry  
  31  3:43  Stalker  
  31  3:45  Probe  
  36  3:54  Immortal (Chrono Boost)  
  36  3:57  Probe  
  36  3:58  Probe  
  42  4:03  Shield Battery  
  42  4:09  Stalker  
  44  4:15  Stalker  
  44  4:16  Probe  
  47  4:17  Probe  
  48  4:28  Immortal (Chrono Boost)  
  46  4:41  Pylon  
  46  4:43  Stalker  
  48  4:49  Probe x2  
  50  5:01  Twilight Council  
  50  5:02  Probe (Chrono Boost)  
  52  5:07  Probe (Chrono Boost)  
  52  5:11  Probe (Chrono Boost)  
  52  5:13  Observer, Pylon  
  55  5:15  Probe (Chrono Boost)  
  55  5:16  Probe (Chrono Boost)  
  56  5:25  Adept x2  
  56  5:26  Probe  
  56  5:28  Probe, Pylon  
  62  5:34  Shield Battery  
  60  5:49  Stalker  
  62  5:50  Probe x2 (Chrono Boost)  
  62  5:52  Assimilator  
  62  5:55  Adept  
  62  5:56  Warp Prism  
  64  6:01  Observer, Forge  
  64  6:02  Probe (Chrono Boost)  
  64  6:03  Blink (Chrono Boost)  
  68  6:06  Probe (Chrono Boost)  
  68  6:09  Probe (Chrono Boost)  
  68  6:11  Probe (Chrono Boost)  
  69  6:16  Assimilator  
  69  6:17  Stalker  
  70  6:20  Stalker  
  70  6:23  Probe  
  70  6:24  Probe  
  74  6:32  Protoss Ground Weapons Level 1 (Chrono Boost)  
  74  6:38  Probe x2  
  76  6:41  Pylon  
  76  6:59  Nexus  
  76  7:00  Adept  
  76  7:01  Adept  
  80  7:03  Pylon  
  78  7:18  Probe x2  
  78  7:21  Adept x2  
  78  7:22  Observer  
  84  7:28  Gateway  
  84  7:29  Gateway  
  82  7:31  Probe, Gateway  
  82  7:32  Gateway  
  83  7:43  Probe  
  80  7:45  Probe  
  80  7:47  Stalker x2  
  85  7:53  Pylon  
  85  7:55  Pylon  
  85  7:56  Observer  
  86  8:02  Probe x2  
  86  8:05  Shield Battery  
  88  8:26  Stalker x6  
  100  8:27  Protoss Ground Weapons Level 2 (Chrono Boost)  
  100  8:29  Observer  
  100  8:33  Charge  
  100  8:44  Probe x3  
  99  8:48  Dark Shrine  
  99  8:54  Pylon, Stalker x3  
  105  8:56  Probe x2  
  105  9:02  Assimilator  
  107  9:09  Gateway  
  107  9:12  Gateway  
  107  9:13  Photon Cannon  
  106  9:17  Photon Cannon  
  106  9:20  Adept x2  
  106  9:23  Sentry  
  112  9:26  Observer  
  112  9:28  Zealot  
  112  9:29  Zealot  
  117  9:33  Shield Battery  
  117  9:35  Shield Battery  
  113  9:46  Stalker x4  
  121  9:55  Templar Archives  
  121  9:59  Pylon  
  121  10:06  Gateway  
  121  10:10  Gateway  
  121  10:11  Dark Templar x3  
  127  10:15  Dark Templar  
  116  10:37  Stalker x4  
  122  10:43  Stalker x3  
  122  10:48  Pylon  
  126  10:54  Probe x3  
  123  11:10  Pylon, Nexus, Robotics Bay  
  121  11:12  High Templar x2  
  121  11:13  Assimilator  
  121  11:16  Archon, Zealot x3  
  121  11:18  High Templar x2  
  133  11:19  Zealot x2  
  133  11:24  Archon  
  139  11:29  Zealot  
  141  11:33  Pylon  
  141  11:34  Photon Cannon  
  141  11:35  Warp Prism (Chrono Boost)  
  143  11:45  Zealot  
  143  11:46  Zealot x2  
  149  11:51  Pylon  
  149  11:54  Pylon  
  141  12:03  Zealot x7  
  145  12:11  Zealot  
  145  12:12  Zealot x2  
  139  12:27  Zealot x7  
  131  12:49  Observer  
  132  12:53  High Templar x4  
  132  12:54  High Templar x5  
  132  12:57  Archon x3  
  132  12:58  Archon, High Templar  
  150  13:00  Nexus  
  150  13:02  Archon  
  150  13:03  Pylon  
  152  13:10  Nexus  
  152  13:11  Pylon  
  152  13:14  Observer  
  152  13:15  Colossus (Chrono Boost)  
  113  13:20  Extended Thermal Lance  
  158  13:30  Probe  
  158  13:31  Probe  
  160  13:41  Robotics Facility  
  160  13:42  Protoss Ground Weapons Level 3 (Chrono Boost)  
  160  13:43  Shield Battery  
  160  13:44  Photon Cannon  
  160  13:55  Pylon  
  160  14:01  Zealot x6  
  170  14:08  Colossus (Chrono Boost)  
  176  14:20  Dark Templar  
  176  14:22  High Templar x2  
  182  14:25  Assimilator  
  182  14:26  Archon, Assimilator  
  182  14:37  Colossus (Chrono Boost)  
  188  14:42  Probe x5  
  188  14:44  Forge  
  193  14:49  Photon Cannon  
  193  14:51  Photon Cannon  
  191  14:55  Colossus (Chrono Boost)  
  197  15:02  Gravitic Boosters  
  197  15:08  Probe x2, Photon Cannon  
  197  15:12  Probe  
  200  15:18  Shadow Stride (Chrono Boost)  
  198  15:23  Photon Cannon  
  198  15:24  Photon Cannon  
  198  15:29  Shield Battery  
  198  15:31  Photon Cannon  
  198  15:41  Stargate  
  194  15:54  Zealot x3  
  170  16:06  Zealot x2  
  170  16:07  Disruptor (Chrono Boost), Zealot x2  
  177  16:14  Observer  
  177  16:16  Disruptor (Chrono Boost), Stalker x4  
  177  16:17  Stalker x2  
  180  16:29  Dark Templar x3  
  164  16:43  Stalker x4  
Tags
 
Add a new tag
Caveats
  • Supply blocks, unpowered buildings, or Contaminate may cause inaccurate times.
  • Supply counts are checked every 10 seconds.